 Seeded DCSS version 0.29.1-15-g9cfb28693d (webtiles) character file.

Game seed: 1 (custom seed)

50306 Kazon the Carver (level 14, -6/76 HPs)
             Began as a Vine Stalker Fighter on Mar 9, 2023.
             Was a High Priest of Makhleb.
             Mangled by Rupert
             ... wielding a +2 executioner's axe of venom
              (30 damage)
             ... on level 12 of the Dungeon on Mar 14, 2023.
             The game lasted 01:14:02 (13680 turns).

Kazon the Carver (Vine Stalker Fighter)            Turns: 13680, Time: 01:14:02

Health: -6/76      AC: 26    Str: 22    XL:     14   Next: 54%
Magic:  0/30       EV:  8    Int: 14    God:    Makhleb [*****.]
Gold:   368        SH:  7    Dex: 22    Spells: 13/13 levels left

rFire   + + +      SeeInvis .   e - +1 rapier (speed)
rCold   + . .      Faith    .   c - +0 buckler
rNeg    . . .      Spirit   +   A - +8 plate armour "Nivuacos" {rF++ Str+2 Int+4}
rPois   +          Reflect  .   k - +0 helmet
rElec   .          Harm     .   T - scarf {rC+ rF+}
rCorr   .          Rampage  .   (no gloves)
Will    +....                   l - +2 pair of boots
Stlth   ..........              X - amulet "Odemouw" {Contam rPois rF+++ Regen+ Stlth+}
HPRegen 1.82/turn               J - ring of magical power
MPRegen 0.22/turn               m - +6 ring of dexterity

@: lethally poisoned (-6 -> -7)
A: fangs 3, regeneration 1, magic shield, antimagic bite, no potion heal 2
a: Renounce Religion, Minor Destruction, Lesser Servant of Makhleb, Major
Destruction, Greater Servant of Makhleb


You were on level 12 of the Dungeon.
You worshipped Makhleb.
Makhleb was extremely pleased with you.
You visited 3 branches of the dungeon, and saw 18 of its levels.

You collected 1328 gold pieces.
You spent 960 gold pieces at shops.

Inventory:

Hand Weapons
 e - a +1 rapier of speed (weapon)
 f - the +2 Maxwell's thermic engine {flame, freeze}
   (You found it on level 1 of the Lair of Beasts)

   It burns those it strikes, dealing additional fire damage.
   Big, fiery blades are also staple armaments of hydra-hunters.
   It freezes those it strikes, dealing additional cold damage.
   It can also slow down cold-blooded creatures.
   It becomes more effective when it hits something.
   This effect fades over time.
 s - the +3 falchion of Winter {venom, rCorr}
   (You bought it in a shop on level 3 of the Dungeon)

   It poisons the flesh of those it strikes.
   rCorr:     It protects you from acid and corrosion.
Missiles
 o - 23 boomerangs (quivered)
 q - a throwing net
 B - 5 curare-tipped darts
 Q - 44 poisoned darts
Armour
 c - a +0 buckler (worn)
 k - a +0 helmet (worn)
 l - a +2 pair of boots (worn)
 A - the +8 plate armour "Nivuacos" (worn) {rF++ Str+2 Int+4}
   (You acquired it on level 1 of the Dungeon)

   Str:       It affects your strength (+2).
   Int:       It affects your intelligence (+4).
   rF:        It greatly protects you from fire.
 R - a +2 cloak
 T - a scarf of resistance (worn)
Jewellery
 m - a +6 ring of dexterity (right hand)
 G - a ring of protection from cold
 J - a ring of magical power (left hand)
 O - a ring of protection from cold
 X - the amulet "Odemouw" (around neck) {Contam rPois rF+++ Regen+ Stlth+}
   (You bought it in a shop on level 8 of the Dungeon)

   [amulet of regeneration]

   rF:        It renders you almost immune to fire.
   rPois:     It protects you from poison.
   Contam:    It causes magical contamination when unequipped.
   Regen:     It increases your rate of health regeneration.
   Stlth:     It makes you more stealthy.
Wands
 j - a wand of roots (11)
 y - a wand of mindburst (34)
 z - a wand of flame (40)
 I - a wand of paralysis (26)
 U - a wand of polymorph (11)
Scrolls
 i - 5 scrolls of identify
 n - a scroll of immolation
 p - 3 scrolls of poison {unknown}
 r - 4 scrolls of fog {unknown}
 t - 2 scrolls of brand weapon {unknown}
 u - 5 scrolls of teleportation
 v - a scroll of noise
 x - a scroll of magic mapping {unknown}
 F - 4 scrolls of enchant weapon {unknown}
 K - 3 scrolls of fear
 M - a scroll of summoning {unknown}
 P - a scroll of amnesia {unknown}
 Y - a scroll of silence
Potions
 b - 4 potions of berserk rage {unknown}
 d - 3 potions of might
 g - 3 potions of haste
 w - 8 potions of lignification
 D - 3 potions of cancellation
 E - 4 potions of magic
 H - 3 potions of curing
 L - a potion of mutation
 S - 2 potions of invisibility
Miscellaneous
 h - a phantom mirror
 C - a lightning rod (4/4)
 N - a condenser vane
 W - a phial of floods


   Skills:
 * Level 9.7 Fighting
 + Level 6.6(9.6) Short Blades
 + Level 10.8(11.5) Long Blades
 + Level 6.2 Throwing
 + Level 7.8 Armour
 + Level 3.5 Dodging
 + Level 6.1 Stealth
 + Level 7.1 Shields
 + Level 8.3 Invocations
 * Level 8.4 Evocations


You had 13 spell levels left.
You didn't know any spells.
Your spell library contained the following spells:

 Spells                   Type           Power      Damage    Failure   Level
 Apportation              Tloc           0%         N/A       99%         1
 Magic Dart               Conj           0%         1d3       99%         1
 Necrotise                Necr           0%         1d4       99%         1
 Sting                    Tmut/Pois      0%         1d3       99%         1
 Summon Small Mammal      Summ           0%         N/A       99%         1
 Call Imp                 Summ           0%         N/A       100%        2
 Poisonous Vapours        Pois/Air       0%         N/A       100%        2
 Mephitic Cloud           Conj/Pois/Air  0%         N/A       100%        3
 Ozocubu's Armour         Ice            0%         N/A       100%        3
 Animate Armour           Summ/Erth      0%         N/A       100%        4
 Olgreb's Toxic Radiance  Pois           0%         N/A       100%        4
 Blade Hands              Tmut           0%         N/A       100%        5
 Fireball                 Conj/Fire      0%         3d3       100%        5
 Iskenderun's Battlesphe  Conj           0%         2d6       100%        5
 Metabolic Englaciation   Hex/Ice        0%         N/A       100%        5
 Conjure Ball Lightning   Conj/Air       0%         3x3d6     100%        6
 Iron Shot                Conj/Erth      0%         9d1       100%        6
 Simulacrum               Ice/Necr       0%         N/A       100%        6
 Orb of Destruction       Conj           0%         9d5       100%        7
 Ozocubu's Refrigeration  Ice            0%         4d7       100%        7


Dungeon Overview and Level Annotations

Branches:
Dungeon (12/15)            Temple (1/1) D:7            Lair (5/5) D:10
 Shoals (0/4) Lair:3       Spider (0/4) Lair:3        Slime (0/5) Lair:4
    Orc (0/2) D:12

Altars:
Ashenzari
Dithmenos
Elyvilon
Gozag
Hepliaklqana
Kikubaaqudgha
Makhleb
Okawaru
Qazlal
Uskayaw
Jiyva

Shops:
D:3 (   D:8 ?(==   D:10 :

Annotations:
D:12 Rupert


Innate Abilities, Weirdness & Mutations

You have razor-sharp teeth.
Your natural rate of healing is unusually fast.
When hurt, damage is shared between your health and your magic reserves.
Your bite disrupts and absorbs the magic of your enemies.
Potions cannot restore your health.


Message History

You hit Rupert. You bite Rupert. You drain his power.
Rupert is moderately wounded.
You block Rupert's attack.
You hit Rupert. You bite Rupert. You drain his power.
Rupert is moderately wounded.
You puncture Rupert! Your bite misses Rupert.
Rupert is heavily wounded.
You block Rupert's attack.
You puncture Rupert! You bite Rupert! You drain his power.
Rupert is heavily wounded.
Rupert barely misses you.
You puncture Rupert! You bite Rupert! You drain his power.
Rupert is severely wounded.
Rupert hits you with a +2 executioner's axe of venom!!
You hit Rupert.
Rupert is severely wounded.
You hit Rupert. You bite Rupert, but do no damage.
Rupert is severely wounded.
Rupert hits you with a +2 executioner's axe of venom!!
You are poisoned.
You closely miss Rupert. You bite Rupert! You drain his power.
You feel invigorated.
Rupert is almost dead.
You feel sick.
Rupert hits you with a +2 executioner's axe of venom!!
You puncture Rupert! Your bite misses Rupert.
Rupert is almost dead.
You feel sick.
You hit Rupert. You bite Rupert. You drain his power.
You feel invigorated.
Rupert is almost dead.
You feel sick. You block Rupert's attack.
You hit Rupert but do no damage. You bite Rupert, but do no damage.
Rupert is almost dead.
You feel sick.
Rupert hits you with a +2 executioner's axe of venom!
You puncture Rupert! Your bite misses Rupert.
Rupert is almost dead.
You feel sick.
Rupert hits you with a +2 executioner's axe of venom!!!
You die...

######.#
#.@...# #@#
#.# #.# #.#
#.# .######.#
........#####
##..........#
#.###.####.#


You could see Rupert (berserk).

Vanquished Creatures
  Nessos (D:12)
  Fannar (Lair:2)
  Erolcha (D:10)
  4 catoblepae
  A two-headed ogre (D:9)
  10 death yaks
  Lodul (D:12)
  A cyclops (D:12)
  An ugly thing (D:11)
  2 manticores (Lair:5)
  5 elephants (Lair:4)
  5 black mambas
  10 cane toads
  Maggie (D:6)
  4 rime drakes
  4 kobold demonologists (D:11)
  15 komodo dragons
  A tengu conjurer (D:12)
  3 trolls
  Prince Ribbit (D:9)
  A polar bear (Lair:4)
  14 blink frogs
  5 dream sheep (Lair:4)
  A snapping turtle (Lair:3)
  2 shadows
  A vampire (D:10)
  61 yaks
  5 wyverns
  3 basilisks
  Eustachio (D:5)
  2 steam dragons
  Menkaure (D:5)
  Edmund (D:6)
  2 acid dragons
  16 water moccasins
  5 orc warriors
  An ice beast (D:8)
  5 sky beasts
  2 black bears (D:6)
  5 centaurs
  7 ogres
  A wolf (D:10)
  2 phantoms (D:6)
  3 kobold brigands
  3 necrophages
  6 bullfrogs
  A gnoll sergeant (D:7)
  9 scorpions
  21 wights
  3 killer bees (D:10)
  3 electric eels
  A howler monkey (D:5)
  2 jellies (D:6)
  6 hounds
  7 orc priests
  A gnoll bouda (D:7)
  6 iguanas
  4 orc wizards
  4 hell rats
  Robin (D:3)
  15 gnolls
  13 adders
  3 shadow imps
  2 white imps (D:7)
  An ufetubus (D:5)
  4 worms
  37 orcs
  11 endoplasms
  3 giant cockroaches
  16 goblins
  9 hobgoblins
  A jackal (D:4)
  27 kobolds
  A quokka (D:1)
  5 ball pythons
  4 bats
  3 frilled lizards
  6 rats
458 creatures vanquished.

Vanquished Creatures (collateral kills)
  A cane toad (Lair:5)
  3 blink frogs (Lair:5)
  2 yaks (Lair:5)
6 creatures vanquished.

Vanquished Creatures (others)
  A quokka (D:7)
  23 fungi
  39 plants
63 creatures vanquished.

Grand Total: 527 creatures vanquished

Notes
Turn   | Place    | Note
-------+----------+-------------------------------------------
     0 | D:1      | Kazon the Vine Stalker Fighter began the quest for the Orb.
     0 | D:1      | Reached XP level 1. HP: 11/11 MP: 2/2
    37 | D:1      | Identified a scroll of acquirement
    37 | D:1      | Acquired the +8 plate armour "Nivuacos" {rF++ Str+2 Int+4}
   128 | D:1      | Reached XP level 2. HP: 15/16 MP: 3/3
   736 | D:2      | Reached skill level 2 in Long Blades
   739 | D:2      | Reached XP level 3. HP: 20/20 MP: 4/4
  1224 | D:2      | Gained mutation: Your natural rate of healing is unusually
                  | fast. [Vine Stalker growth]
  1224 | D:2      | Reached XP level 4. HP: 24/24 MP: 5/5
  1362 | D:3      | Found Umat's Antique Weapon Boutique.
  1389 | D:3      | Bought a crude falchion for 184 gold pieces
  1389 | D:3      | Identified the +3 falchion of Winter {venom, rCorr} (You
                  | bought it in a shop on level 3 of the Dungeon)
  1512 | D:3      | Reached skill level 3 in Long Blades
  1528 | D:3      | Noticed Robin
  1536 | D:3      | Killed Robin
  1537 | D:3      | Reached XP level 5. HP: 27/28 MP: 6/6
  1573 | D:3      | Reached skill level 1 in Short Blades
  1787 | D:3      | Reached skill level 5 in Fighting
  1787 | D:3      | Reached skill level 5 in Long Blades
  1787 | D:3      | Reached skill level 5 in Stealth
  1787 | D:3      | Reached skill level 5 in Shields
  1787 | D:3      | Reached XP level 6. HP: 35/35 MP: 7/7
  2299 | D:4      | Reached XP level 7. HP: 39/39 MP: 8/8
  2537 | D:4      | Found a hazy altar of Hepliaklqana.
  2944 | D:5      | Entered Level 5 of the Dungeon
  2982 | D:5      | Noticed Eustachio
  3007 | D:5      | Killed Eustachio
  3008 | D:5      | Gained mutation: You have razor-sharp teeth. [Vine Stalker
                  | growth]
  3008 | D:5      | Reached XP level 8. HP: 35/43 MP: 9/9
  3167 | D:5      | Reached skill level 1 in Evocations
  3168 | D:5      | Noticed Menkaure
  3183 | D:5      | Killed Menkaure
  3184 | D:5      | Reached skill level 5 in Armour
  3794 | D:6      | Reached XP level 9. HP: 41/47 MP: 10/10
  3927 | D:7      | Found a staircase to the Ecumenical Temple.
  3938 | Temple   | Entered the Ecumenical Temple
  3944 | Temple   | Became a worshipper of Makhleb the Destroyer
  3962 | Temple   | Reached skill level 5 in Throwing
  4010 | D:7      | Found a hide-covered altar of Uskayaw.
  4139 | D:6      | Reached skill level 1 in Invocations
  4209 | D:6      | Noticed Edmund
  4235 | D:6      | Killed Edmund
  4283 | D:6      | Reached skill level 6 in Long Blades
  4433 | D:6      | Reached * piety under Makhleb
  4466 | D:6      | Reached XP level 10. HP: 51/51 MP: 12/12
  4522 | D:6      | Noticed Maggie
  4539 | D:6      | Killed Maggie
  4540 | D:6      | Reached skill level 5 in Short Blades
  5035 | D:7      | Found a white marble altar of Elyvilon.
  5554 | D:8      | Reached ** piety under Makhleb
  5600 | D:8      | Found Esumer's Weapon Shop.
  5722 | D:8      | Found Heidghoki's Jewellery Shop.
  5815 | D:8      | Found Zoxtaeshakh's Jewellery Boutique.
  6015 | D:8      | Found Quzidd's Magic Scroll Emporium.
  6020 | D:8      | Bought a scroll of teleportation for 42 gold pieces
  6673 | D:9      | Noticed Prince Ribbit
  6693 | D:9      | Killed Prince Ribbit
  6896 | D:9      | Noticed a two-headed ogre
  6903 | D:9      | Killed a two-headed ogre
  6904 | D:9      | Reached XP level 11. HP: 55/56 MP: 14/14
  7023 | D:10     | Entered Level 10 of the Dungeon
  7110 | D:10     | Reached *** piety under Makhleb
  7111 | D:10     | Found a staircase to the Lair.
  7152 | D:10     | Noticed Erolcha
  7165 | D:10     | Killed Erolcha
  7184 | D:10     | Identified the +5 long sword of the Land of Plenty {drain,
                  | Dex+3}
  7206 | D:10     | Found Juagoaq's Book Shoppe.
  7546 | D:10     | You fall into a shaft and drop 2 floors!
  7547 | D:12     | Noticed Nessos
  7565 | D:12     | Killed Nessos
  7566 | D:12     | Reached skill level 5 in Evocations
  7633 | D:12     | Noticed Lodul
  7657 | D:12     | Reached skill level 7 in Long Blades
  7666 | D:12     | Killed Lodul
  8040 | D:10     | Reached XP level 12. HP: 63/63 MP: 16/16
  8304 | D:11     | Reached skill level 5 in Invocations
  8530 | D:11     | Noticed a sun demon
  8757 | D:11     | Reached **** piety under Makhleb
  9105 | D:8      | Bought the amulet "Odemouw" {Contam rPois rF+++ Regen+
                  | Stlth+} for 734 gold pieces
  9177 | Lair:1   | Entered Level 1 of the Lair of Beasts
  9309 | Lair:1   | Found the +2 Maxwell's thermic engine {flame, freeze}
  9604 | Lair:1   | Reached skill level 8 in Long Blades
  9944 | Lair:2   | Noticed Fannar
  9946 | Lair:2   | Noticed a catoblepas
  9963 | Lair:2   | Killed Fannar
  9966 | Lair:2   | Killed a catoblepas
  9967 | Lair:2   | Reached XP level 13. HP: 68/68 MP: 11/18
 10801 | Lair:3   | Reached skill level 9 in Long Blades
 10825 | Lair:3   | Found an ancient bone altar of Kikubaaqudgha.
 10888 | Lair:3   | Reached ***** piety under Makhleb
 11132 | Lair:3   | Found a staircase to the Shoals.
 11240 | Lair:3   | Found a hole to the Spider Nest.
 11568 | Lair:4   | Found a viscous altar of Jiyva.
 11570 | Lair:4   | Found a staircase to the Slime Pits.
 11990 | Lair:4   | Identified the +3 battleaxe "Adididghufym" {antimagic, rF+
                  | Will+}
 12164 | Lair:5   | Entered Level 5 of the Lair of Beasts
 12328 | Lair:5   | Reached skill level 10 in Long Blades
 12365 | Lair:5   | Reached XP level 14. HP: 61/75 MP: 20/20
 13564 | D:12     | Found a staircase to the Orcish Mines.
 13660 | D:12     | Noticed Rupert
 13680 | D:12     | Mangled by Rupert

Illustrated notes

Levels and vault maps discovered:
D:1:      dpeg_arrival_three_smaller_balls, layout_basic
D:2:      layout_loops_ring
D:3:      layout_basic, serial_shops, nicolae_shop_stone, st_stairs_9,
          minmay_misc_feat_doors, eino_curves_03, uniq_robin
D:4:      minmay_wonky_spiral, layout_basic,
          mainiacjoe_overflow_surrounded_room, minivault_5
D:5:      layout_cave_pods, uniq_menkaure, uniq_eustachio
D:6:      cheibrodos_barr_body, layout_basic, minmay_crystal_room,
          minmay_pentangle, uniq_maggie, uniq_edmund
D:7:      layout_cave_pools, nicolae_uskayaw_murder_on_the_dancefloor,
          elyvilon_altar_4, minmay_temple_entry_purple_smoke
D:8:      layout_basic, serial_shops, shop_statue, kennysheep_little_box, shop,
          nicolae_shop_window_shopping
D:9:      layout_cave_pools, uniq_prince_ribbit1
D:10:     layout_stronghold, erik_lair_island, serial_shops,
          nicolae_shop_statue_plus, uniq_erolcha
D:11:     layout_roguey
D:12:     layout_loops_ring, orc_0_dummy, chequers_serial_rivers_marsh,
          uniq_lodul, uniq_nessos, uniq_rupert
Temple:   nicolae_temple_bog_church
Lair:1:   layout_long_grid, fungi_pond_lemuel, cheibrodos_lair_reptile_den
Lair:2:   layout_gridlike, uniq_fannar
Lair:3:   layout_roguey, minmay_shoals_entry_hut,
          nicolae_spider_entry_non_spiders, basic_altar, serial_bayou_crossing
Lair:4:   layout_gridlike, slime_entry_1, serial_rivers,
          chequers_serial_rivers_room_a, chequers_serial_rivers_micro_c,
          chequers_serial_rivers_room_a, chequers_serial_rivers_micro_e,
          minivault_27, grunt_megastairs_3, infiniplex_staircase_pool_2
Lair:5:   evilmike_catoblepas_cave, layout_long_grid

Skill      XL: |  1  2  3  4  5  6  7  8  9 10 11 12 13 14 |
---------------+-------------------------------------------+-----
Shields        | 3 5 6 7 |  7.1
Long Blades    | 2 3 5 6 7 8 10 | 10.8
Fighting       | 3 5 6 7 8 9 |  9.7
Armour         | 3 4 5 6 7 |  7.8
Short Blades   | 3 4 5 6 |  6.6
Throwing       | 3 4 5 6 |  6.2
Dodging        | 3 |  3.5
Stealth        | 5 6 |  6.1
Evocations     | 1 3 4 5 6 7 8 |  8.4
Invocations    | 2 3 4 6 7 8 |  8.3

Action                   |  1- 3 |  4- 6 |  7- 9 | 10-12 | 13-15 || total
-------------------------+-------+-------+-------+-------+-------++-------
Melee: Long sword        |    78 |       |       |       |       ||    78
       Bite              |    17 |    26 |   124 |   299 |   157 ||   623
       Dagger            |     1 |    91 |    63 |     6 |       ||   161
       Falchion          |       |    10 |   155 |   410 |     8 ||   583
       Rapier            |       |       |   118 |   298 |    30 ||   446
       Double sword      |       |       |       |    45 |   337 ||   382
Throw: Stone             |     5 |    19 |    31 |    44 |       ||    99
       Boomerang         |       |       |    38 |     4 |     4 ||    46
       Dart              |       |       |       |    19 |    17 ||    36
Invok: Minor Destruction |       |       |       |    84 |   101 ||   185
       Lesser Servant of |       |       |       |     2 |     2 ||     4
       Major Destruction |       |       |       |       |     1 ||     1
Evoke: Wand              |       |       |       |    10 |       ||    10
       Condenser vane    |       |       |       |       |     1 ||     1
  Use: Scroll            |     1 |       |     3 |     3 |     9 ||    16
       Potion            |       |     1 |     3 |     1 |       ||     5
 Stab: Petrified         |       |       |       |     4 |       ||     4
       Confused          |       |       |       |       |     6 ||     6
       Distracted        |       |       |       |       |     3 ||     3
Armor: Scale mail        |     7 |       |       |       |       ||     7
       Plate armour      |    56 |    50 |   229 |   346 |   169 ||   850
Dodge: Dodged            |    39 |    35 |   107 |   189 |    98 ||   468
Block: Buckler           |    23 |    15 |    77 |   131 |    95 ||   341
